 Dungeon Crawl Stone Soup version 0.32-a0-665-g3d30ec2550 (webtiles) character file.

Game seed: 14760391094123692443

1896 lorenzova the Thaumaturge (level 8, -1/41 HPs)
             Began as a Deep Elf Conjurer on Mar 9, 2024.
             Was an Initiate of Vehumet.
             Engulfed by a cloud of steam (12 damage)
             ... on level 6 of the Dungeon.
             The game lasted 00:15:48 (9574 turns).

lorenzova the Thaumaturge (Deep Elf Conjurer)       Turns: 9574, Time: 00:15:49

Health: -1/41      AC:  3    Str:  4    XL:     8   Next: 93%
Magic:  14/24      EV: 12    Int: 26    God:    Vehumet [......]
Gold:   326        SH:  0    Dex: 13    Spells: 16/27 levels left

rFire   . . .        o - +0 short sword (venom)
rCold   . . .        (no shield)
rNeg    . . .        a - +0 robe
rPois   .            i - +0 helmet
rElec   .            (no cloak)
rCorr   .            (no gloves)
SInv    +            (no boots)
Will    .....        (no amulet)
Stlth   ++           g - ring of wizardry
HPRegen 0.26/turn    h - ring of see invisible
MPRegen 0.19/turn

%: wizardry (x1)
@: no status effects
A: no striking features
a: Renounce Religion


You were on level 6 of the Dungeon.
You worshipped Vehumet.
Vehumet was noncommittal.
You visited 2 branches of the dungeon, and saw 8 of its levels.

You collected 326 gold pieces.

Inventory:

Hand Weapons
 f - a +4 dagger
 o - a +0 short sword of venom (weapon)
Armour
 a - a +0 robe (worn)
 i - a +0 helmet (worn)
Jewellery
 g - a ring of wizardry (left hand)
 h - a ring of see invisible (right hand)
 m - an amulet of faith
 q - a ring of flight
 v - a ring of protection from cold
Scrolls
 e - a scroll of blinking
 k - a scroll of vulnerability {unknown}
 l - a scroll of poison {unknown}
 p - a scroll of revelation {unknown}
 r - 2 scrolls of teleportation
 u - 2 scrolls of enchant armour {unknown}
 w - a scroll of brand weapon {unknown}
 x - a scroll of amnesia {unknown}
 y - 2 scrolls of identify
Potions
 b - a potion of magic
 c - 2 potions of degeneration {unknown}
 d - a potion of heal wounds {unknown}
 j - a potion of invisibility {unknown}
 n - 3 potions of might {unknown}
 s - 2 potions of curing {unknown}
 t - a potion of lignification {unknown}
 z - a potion of cancellation {unknown}


   Skills:
 - Level 2.4 Dodging
 - Level 2.4 Stealth
 * Level 10.0 Spellcasting
 * Level 9.2 Conjurations
 + Level 3.7 Translocations
 + Level 3.8 Alchemy


You had 16 spell levels left.
You knew the following spells:

 Your Spells              Type           Power      Damage    Failure   Level
a - Magic Dart            Conj           100%       1d8       1%          1
b - Searing Ray           Conj           100%       2d8       1%          2
c - Iskenderun's Mystic   Conj/Tloc      46%        2d10      1%          4
d - Fulminant Prism       Conj/Alch      23%        3d12      1%          4

Your spell library contained the following spells:

 Spells                   Type           Power      Damage    Failure   Level
 Kiss of Death            Conj/Necr      100%       2d13      1%          1
 Blink                    Tloc           64%        N/A       1%          2
 Mercury Vapours          Alch/Air       46%        N/A       1%          2
 Mephitic Cloud           Conj/Alch/Air  35%        N/A       1%          3
 Stone Arrow              Conj/Erth      74%        3d11      1%          3
 Call Imp                 Summ           26%        N/A       2%          2
 Manifold Assault         Tloc           32%        N/A       4%          4
 Fugue of the Fallen      Necr           13%        N/A       6%          3
 Ozocubu's Armour         Ice            13%        N/A       6%          3
 Ignite Poison            Fire/Alch      23%        N/A       9%          4
 Freezing Cloud           Conj/Ice/Air   14%        6-21      14%         5
 Animate Armour           Summ/Erth      26%        N/A       17%         4
 Conjure Ball Lightning   Conj/Air       18%        3x3d6     38%         6
 Lehudib's Crystal Spear  Conj/Erth      18%        10d6      100%        8


Dungeon Overview and Level Annotations

Branches:
Dungeon (7/15)             Temple (1/1) D:4

Altars:
Ashenzari
Cheibriados
Elyvilon
Fedhas
Gozag
Hepliaklqana
Kikubaaqudgha
Nemelex Xobeh
Okawaru
Qazlal
Ru
Sif Muna
Trog
Uskayaw
Vehumet
Wu Jian
Xom
Yredelemnul
Zin
The Shining One

Shops:
D:3 [

Annotations:
D:4 Eustachio


Message History

The magic dart hits the steam dragon.
The steam dragon is lightly wounded.
The steam dragon hisses angrily.
The steam dragon breathes steam at you. The ball of steam hits you!
You start resting.
Magic restored.
Casting: Magic Dart (safe; 1% risk of failure)
Confirm with . or Enter, or press ? or * to list all spells.
Aiming: Fulminant Prism (dangerous; 1% risk of failure)
Press: ? - help, Dir - move target You conjure a prism of explosive energy!
A fulminant prism comes into view.
Your fulminant prism crackles loudly.
Your fulminant prism explodes!
The blast of energy engulfs the steam dragon!
The steam dragon is moderately wounded.
You hear a shout!
Unknown command.
Casting: Fulminant Prism (dangerous; 1% risk of failure)
Confirm with . or Enter, or press ? or * to list all spells.
Aiming: Searing Ray (safe; 1% risk of failure)
Press: ? - help, Shift-Dir - straight line, f - steam dragon
Aim: a steam dragon (moderately wounded, 83% to hit)
The searing ray hits the steam dragon.
The steam dragon is heavily wounded. (Press . to maintain the ray.) Unknown command.
The searing ray hits the steam dragon.
The steam dragon is severely wounded.
The steam dragon breathes steam at you. The ball of steam hits you!!
* * * LOW HITPOINT WARNING * * *
Casting: Searing Ray (safe; 1% risk of failure)
Confirm with . or Enter, or press ? or * to list all spells.
You erupt in a blast of force!
The mystic blast hits the steam dragon!
You kill the steam dragon!
Vehumet accepts your kill.
You are engulfed in a cloud of scalding steam.
You die...

#..#####..#..# #.#
....#####)##.### ###.#####
##....##.......###.......#
##..#....≈._.≈..........)#
###.####.................#
#.# #######....>......#
#.# ##§§##......# #.#
#####§§##......# #.#
#....§@##......# #.#
#.####§######### #†# #.#
#.# #..§..# ##.§......
#......D. #........


There were no monsters in sight!

Vanquished Creatures
  Grinder (D:4)
  2 steam dragons (D:6)
  A water moccasin (D:5)
  A black bear (D:5)
  An orc warrior (D:5)
  An ice beast (D:5)
  A sky beast (D:6)
  4 ogres
  A bullfrog (D:7)
  A scorpion (D:5)
  A bombardier beetle (D:5)
  A hound (D:5)
  An orc priest (D:5)
  2 jellies
  5 iguanas
  3 sleepcaps
  Natasha (D:4)
  4 orc wizards
  Robin (D:4)
  3 adders
  A white imp (D:5)
  2 dart slugs
  3 ribbon worms
  18 orcs
  6 endoplasms
  3 giant cockroaches
  15 goblins
  4 hobgoblins
  6 quokkas
  7 ball pythons
  5 bats
  9 kobolds
  2 rats (D:1)
117 creatures vanquished.

Vanquished Creatures (others)
  An orc (D:5)
  6 fulminant prisms
7 creatures vanquished.

Grand Total: 124 creatures vanquished

Notes
Turn   | Place    | Note
-------+----------+-------------------------------------------
     0 | D:1      | lorenzova the Deep Elf Conjurer began the quest for the
                  | Orb.
     0 | D:1      | Reached XP level 1. HP: 10/10 MP: 6/6
   309 | D:1      | Reached XP level 2. HP: 15/15 MP: 5/8
   360 | D:1      | Learned a level 2 spell: Searing Ray
  1123 | D:2      | Reached skill level 4 in Spellcasting
  1123 | D:2      | Reached skill level 5 in Conjurations
  1123 | D:2      | Reached XP level 3. HP: 19/19 MP: 4/10
  1409 | D:2      | Found a white marble altar of Elyvilon.
  2211 | D:3      | Found Gaediwn's Armour Shop.
  3378 | D:3      | Found a glowing golden altar of the Shining One.
  3763 | D:3      | Found a hazy altar of Hepliaklqana.
  3767 | D:3      | Noticed an ogre
  3778 | D:3      | Killed an ogre
  3779 | D:3      | Reached skill level 5 in Spellcasting
  3779 | D:3      | Reached XP level 4. HP: 24/24 MP: 3/13
  3779 | D:3      | Reached XP level 5. HP: 28/28 MP: 3/15
  4141 | D:4      | Noticed Eustachio
  4260 | D:4      | Got the Tractate on Viridian Confrontation
  4284 | D:4      | Noticed Natasha
  4289 | D:4      | Killed Natasha
  4623 | D:4      | Identified the +1 leather armour of Xepiot {rC+ Int+3}
  4759 | D:4      | Found a staircase to the Ecumenical Temple.
  4761 | D:4      | Noticed Grinder
  4764 | D:4      | Paralysed by Grinder for 4 turns
  4772 | D:5      | Entered Level 5 of the Dungeon
  4870 | D:4      | Noticed Robin
  4874 | D:4      | Killed Robin
  5130 | D:4      | Reached skill level 6 in Spellcasting
  5256 | Temple   | Entered the Ecumenical Temple
  5279 | Temple   | Became a worshipper of Vehumet
  5314 | D:4      | Identified the +1 hand axe "Jouch" {venom, +Blink rCorr
                  | Int+6}
  5337 | D:4      | Killed Grinder
  5338 | D:4      | Reached skill level 7 in Spellcasting
  5338 | D:4      | Reached XP level 6. HP: 32/32 MP: 6/18
  5517 | D:4      | Learned a level 4 spell: Iskenderun's Mystic Blast
  5522 | D:4      | Learned a level 4 spell: Fulminant Prism
  6502 | D:5      | Reached XP level 7. HP: 36/36 MP: 14/19
  6855 | D:5      | Reached skill level 1 in Alchemy
  6858 | D:5      | Reached skill level 1 in Translocations
  7041 | D:5      | Reached skill level 8 in Spellcasting
  7216 | D:5      | Found a shimmering altar of Xom.
  7713 | D:6      | Noticed a steam dragon
  7771 | D:5      | Reached XP level 8. HP: 27/41 MP: 11/22
  7980 | D:5      | Reached skill level 9 in Spellcasting
  9294 | D:6      | Found a sparkling altar of Nemelex Xobeh.
  9301 | D:6      | Reached skill level 10 in Spellcasting
  9574 | D:6      | Engulfed by a cloud of steam

Illustrated notes

Levels and vault maps discovered:
D:1:      kennysheep_arrival_forest, layout_basic
D:2:      layout_basic, basic_altar, grunt_decor_junction,
          dreamdust_mushroom_princess
D:3:      layout_rooms, mainiacjoe_overflow_concentric_impassable,
          nicolae_overflow_crystal_walls, serial_shops, shop,
          nicolae_hexahallways
D:4:      layout_basic, minmay_temple_entry_mini_moons, uniq_grinder,
          uniq_robin, uniq_eustachio, uniq_natasha
D:5:      layout_basic, xom_confusion_cloud, guppyfry_early_orc_mine
D:6:      layout_rooms, mainiacjoe_overflow_tiny_flanked
D:7:      layout_basic, hangedman_abyss_or_decor_jellyfish_corner
Temple:   nicolae_temple_slightly_damp_pantheon

Skill      XL: |  1  2  3  4  5  6  7  8 |
---------------+-------------------------+-----
Spellcasting   | 4 5 7 8 10 | 10.0
Conjurations   | 5 6 7 8 9 |  9.2
Alchemy        | 2 3 |  3.8
Translocations | 2 3 |  3.7
Dodging        | |  2.4
Stealth        | |  2.4

Action                     |  1- 3 |  4- 6 |  7- 9 || total
---------------------------+-------+-------+-------++-------
  Melee: Short sword       |       |     4 |     1 ||     5
   Cast: Magic Dart        |    76 |    56 |    74 ||   206
         Searing Ray       |     1 |     8 |    20 ||    29
         Iskenderun's Myst |       |       |    17 ||    17
         Fulminant Prism   |       |       |     6 ||     6
    Use: Scroll            |       |     3 |       ||     3
 Armour: Robe              |     3 |     9 |    18 ||    30
  Dodge: Dodged            |     1 |     6 |    21 ||    28

Table legend: (Time is in decaauts)
 A = Elapsed time spent in this place.
 B = Non-inter-level travel time spent in this place.
 C = Inter-level travel time spent in this place.
 D = Time resting spent in this place.
 E = Time spent auto-exploring this place.
 F = Levels seen in this place.
 G = Mean time per level.
                   A        B        C        D        E       F      G
               +--------+--------+--------+--------+--------+-----+--------+
         Total |   9568 |   9264 |    304 |   5296 |   2955 |   8 | 1196.0 |
       Dungeon |   9530 |   9252 |    278 |   5296 |   2949 |   7 | 1361.4 |
        Temple |     37 |     11 |     26 |      0 |      6 |   1 |   37.0 |
               +--------+--------+--------+--------+--------+-----+--------+

Top non-repeatable levels by time:
     D:5: 2412 daAuts
     D:4: 2121 daAuts
     D:3: 2033 daAuts
     D:1: 1089 daAuts
     D:2: 1045 daAuts
     D:6: 685 daAuts
     D:7: 142 daAuts
  Temple: 37 daAuts
